 Dungeon Crawl Stone Soup version 0.19.1-1-g22dce08 (webtiles) character file.

28 Gorglomux the Sneak (level 2, 0/13 HPs)
             Began as a Spriggan Enchanter on Jan 2, 2017.
             Slain by a kobold
             ... wielding a +0 trident
              (8 damage)
             ... on level 2 of the Dungeon.
             The game lasted 00:02:17 (740 turns).

Gorglomux the Sneak (Spriggan Enchanter)             Turns: 740, Time: 00:02:18

Health: 0/13       AC:  3    Str:  4    XL:     2   Next: 96%
Magic:  1/7        EV: 18    Int: 16    God:
Gold:   97         SH:  0    Dex: 16    Spells: 2 memorised, 4 levels left

rFire  . . .     SeeInvis +     a - +1 dagger
rCold  . . .     Gourm    .     b - +1 robe
rNeg   . . .     Faith    .     (shield restricted)
rPois  .         Spirit   .     (helmet restricted)
rElec  .         Reflect  .     (no cloak)
rCorr  .         Harm     .     (gloves unavailable)
MR     .....                    (boots unavailable)
Stlth  +++.......               (no amulet)
                                (no ring)
                                (no ring)

@: very quick
A: unfitting armour, see invisible, herbivore 3, speed 3, slow metabolism 2
a: no special abilities


You were on level 2 of the Dungeon.
You were not hungry.

You visited 1 branch of the dungeon, and saw 2 of its levels.

You collected 97 gold pieces.

Inventory:

Hand Weapons
 a - a +1 dagger (weapon)
Armour
 b - a +1 robe (worn)
Scrolls
 f - a scroll of noise {unknown}
 h - a scroll of teleportation {unknown}
 i - a scroll of enchant armour {unknown}
 j - a scroll of fear {unknown}
 m - 3 scrolls of identify {unknown}
 n - 3 scrolls of blinking {unknown}
 o - 2 scrolls of immolation {unknown}
 p - a scroll of remove curse {unknown}
Potions
 e - 2 potions of degeneration {unknown}
 g - a potion of ambrosia {unknown}
 k - a potion of curing {unknown}
 l - a potion of cure mutation {unknown}
 q - a potion of cancellation {unknown}
Books
 c - a book of Maledictions

   Spells                             Type                      Level
   a - Corona                         Hexes                        1
   b - Ensorcelled Hibernation        Hexes/Ice                    2
   c - Confuse                        Hexes                        3
   d - Tukima's Dance                 Hexes                        3
   e - Dazzling Spray                 Conjuration/Hexes            3
Comestibles
 d - a bread ration


   Skills:
 + Level 1.1 Short Blades
 - Level 3.0 Dodging
 + Level 4.8 Stealth
 + Level 3.2 Spellcasting
 * Level 4.4 Hexes


You had 4 spell levels left.
You knew the following spells:

 Your Spells              Type           Power        Failure   Level  Hunger
a - Corona                Hex            ###....      3%          1    None
b - Ensorcelled Hibernat  Hex/Ice        #.....       12%         2    ##.....


Dungeon Overview and Level Annotations

Branches:
Dungeon (2/15)

Altars:
Uskayaw


Innate Abilities, Weirdness & Mutations

You are very small and have problems with some larger weapons.
You are too small for most types of armour.
You have supernaturally acute eyesight. (SInv)
You are a herbivore.
You cover ground extremely quickly.
You need consume almost no food.


Message History

The kobold throws a stone.
The stone hits you but does no damage.
Things that are here:
a stone; a kobold corpse The kobold completely misses you.
Casting: Ensorcelled Hibernation
Confirm with . or Enter, or press ? or * to list all spells.
You don't know that spell.
Sorry, you're not good enough to have a special ability.
Casting: Ensorcelled Hibernation
Confirm with . or Enter, or press ? or * to list all spells.
Aiming: Ensorcelled Hibernation
Press: ? - help, Shift-Dir - straight line, f - kobold
Aim: a kobold, wielding a trident and wearing a leather armour (chance to defeat MR: 58%)
The kobold resists with significant effort.
The kobold completely misses you.
You see here a stone.
You hit the kobold but do no damage. The kobold completely misses you.
You hit the kobold but do no damage. The kobold hits you with a trident!
Ouch! That really hurt!
You die...

..........#
..........#
..........#
.......(..##+###+##.
....$...............
........)..........#
...................+
..........K........#
.#########@.?......#
####.........#
####.<#(..#######
#.........#
#.........#
+.........#
##........#
#........#
#.....†).#


You could see a kobold.

Vanquished Creatures
  A worm (D:2)
  A bat (D:1)
  3 goblins
  2 hobgoblins (D:1)
  3 jackals (D:2)
  8 kobolds
  A frilled lizard (D:1)
  4 rats
23 creatures vanquished.

Notes
Turn   | Place    | Note
-------+----------+-------------------------------------------
     0 | D:1      | Gorglomux the Spriggan Enchanter began the quest for the Orb.
     0 | D:1      | Reached XP level 1. HP: 9/9 MP: 5/5
   161 | D:1      | Reached XP level 2. HP: 9/13 MP: 6/6
   212 | D:1      | Learned a level 2 spell: Ensorcelled Hibernation
   510 | D:2      | Found a faded altar of an unknown god.
   510 | D:2      | Found a faded altar of an unknown god.
   515 | D:2      | Found a faded altar of an unknown god.
   517 | D:2      | Found a faded altar of an unknown god.
   518 | D:2      | Found a hide-covered altar of Uskayaw.
   740 | D:2      | Slain by a kobold

Skill      XL: |  1  2 |
---------------+-------+-----
Spellcasting   | 3 |  3.2
Hexes          | 4 |  4.4
Short Blades   | |  1.1
Dodging        | |  3.0
Stealth        | |  4.8

Action                   || total
-------------------------++-------
Melee: Dagger            ||    75
 Cast: Ensorcelled Hiber ||    10
 Stab: Sleeping          ||    11
Armor: Robe              ||     9
Dodge: Dodged            ||    74
